 Dungeon Crawl Stone Soup version 0.31-a0-844-gdc52ec4e09 (webtiles) character file.

Game seed: 222432320610086797

72931 Flugkiller the Bludgeoner (level 15, -15/124 HPs)
             Began as a Demonspawn Berserker on Sept 22, 2023.
             Was a High Priest of Trog.
             Demolished by an ettin
             ... wielding a +0 giant spiked club of distortion
              (34 damage)
             ... on level 3 of the Abyss on Sept 28, 2023.
             The game lasted 00:35:59 (22401 turns).

Flugkiller the Bludgeoner (Demonspawn Berserker)   Turns: 22401, Time: 00:36:00

Health: -15/124    AC: 32    Str: 29    XL:     15   Next: 2%
Magic:  15/15      EV: 12    Int:  9    God:    Trog [*****.]
Gold:   1191       SH:  0    Dex: 14    Spells: 14/14 levels left

rFire   + . .        Z - +1 dire flail (protect)
rCold   . . .        (shield currently unavailable)
rNeg    . . .        W - +3 chain mail {rF+}
rPois   +            (helmet restricted)
rElec   .            V - +1 cloak {rPois}
rCorr   .            u - +2 pair of gloves
SInv    .            X - +2 pair of boots
Will    +....        (no amulet) Stlth
                     p - +4 ring of protection
HPRegen 0.40/turn    T - +6 ring of strength
MPRegen 0.14/turn

%: no passive effects
@: on berserk cooldown, slowed, studying Long Blades, very slow
A: antennae 2, thin metallic scales 2, demonic guardian 2, powered by death 1
a: Renounce Religion, Berserk, Trog's Hand, Brothers in Arms


You were on level 3 of the Abyss.
You worshipped Trog.
Trog was extremely pleased with you.
You visited 2 branches of the dungeon, and saw 19 of its levels.
You visited the Abyss 1 time.
You also visited: Ossuary and Volcano.

You collected 1626 gold pieces.
You spent 435 gold pieces at shops.

Inventory:

Hand Weapons
 x - a +4 great mace
   (Trog gifted it to you on level 10 of the Dungeon)
 Y - a +0 demon whip of flaming
   (You found it in a volcano)
 Z - a +1 dire flail of protection (weapon)
   (You took it off an orc warrior on level 9 of the Dungeon)
Missiles
 r - 5 throwing nets
 N - 5 javelins
Armour
 j - a +0 kite shield
   (You found it on level 1 of the Dungeon)
 u - a +2 pair of gloves (worn)
   (You found it on level 5 of the Dungeon)
 E - a +2 cloak
   (You took it off Crazy Yiuf on level 6 of the Dungeon)
 V - a +1 cloak of poison resistance (worn)
   (You found it on level 5 of the Lair of Beasts)
 W - a +3 chain mail of fire resistance (worn)
   (You found it in a volcano)
 X - a +2 pair of boots (worn)
   (You found it in a volcano)
Jewellery
 c - a ring of protection from cold
   (You found it on level 5 of the Lair of Beasts)
 i - a ring of see invisible
   (You found it on level 12 of the Dungeon)
 m - a ring of willpower
   (You found it on level 6 of the Dungeon)
 o - a ring of poison resistance
   (You found it on level 4 of the Lair of Beasts)
 p - a +4 ring of protection (left hand)
   (You found it on level 2 of the Lair of Beasts)
 T - a +6 ring of strength (right hand)
   (You found it on level 1 of the Lair of Beasts)
Wands
 a - a wand of flame (7)
   (You took it off Ijyb on level 3 of the Dungeon)
 y - a wand of iceblast (6)
   (You found it on level 3 of the Lair of Beasts)
 Q - a wand of polymorph (4)
   (You found it on level 1 of the Lair of Beasts)
 R - a wand of paralysis (7)
   (You found it on level 1 of the Lair of Beasts)
 U - a wand of digging (6)
   (You found it on level 2 of the Dungeon)
Scrolls
 b - 3 scrolls of fog
 l - 3 scrolls of immolation
 t - 4 scrolls of teleportation
 v - a scroll of summoning
 z - 2 scrolls of blinking
 A - a scroll of revelation
 B - 4 scrolls of vulnerability
 C - 6 scrolls of fear
 D - 2 scrolls of enchant armour
 H - 3 scrolls of enchant weapon
 L - a scroll of poison {unknown}
 M - a scroll of brand weapon {unknown}
 S - a scroll of acquirement {unknown}
Potions
 d - 5 potions of might
 e - 6 potions of attraction
 f - a potion of berserk rage
 g - 3 potions of enlightenment
 h - 3 potions of haste
 n - 3 potions of resistance
 q - 10 potions of curing
 s - a potion of magic {unknown}
 w - 5 potions of heal wounds
 F - 3 potions of mutation
 G - 3 potions of lignification
 I - 2 potions of brilliance {unknown}
 J - 2 potions of ambrosia
 K - 6 potions of invisibility
Miscellaneous
 k - a box of beasts
   (You found it on level 13 of the Dungeon)
 P - a lightning rod (4/4)
   (You found it on level 1 of the Lair of Beasts)


   Skills:
 + Level 13.2 Fighting
 + Level 15.4 Maces & Flails
 + Level 12.9 Armour
 + Level 7.3 Dodging
 - Level 7.0 Evocations


You had 14 spell levels left.
You didn't know any spells.
Your spell library was empty.

Dungeon Overview and Level Annotations

Branches:
Dungeon (14/15) Zot: 26233  Temple (0/1) D:7            Lair (5/5) D:10 Zot: 23116
  Swamp (0/4) Lair:3       Spider (0/4) Lair:3        Slime (0/5) Lair:5
    Orc (0/2) D:9          Vaults (0/5) D:14        Ossuary (visited)
Volcano (visited)

Altars:
Cheibriados
Dithmenos
Fedhas
Makhleb
Nemelex Xobeh
Okawaru
Ru
Uskayaw
Wu Jian
Yredelemnul
Jiyva

Shops:
D:2 *[*(   D:6 :   D:9 ?   D:12 =   D:13 *

Annotations:
Lair:2 3 runed translucent doors, WhatIsLove's ghost, journeyman DjFE


Innate Abilities, Weirdness & Mutations

You have a pair of antennae on your head.
You are mostly covered in thin metallic scales. (AC +3)
A demonic guardian rushes to your aid.
You regenerate a little health from kills.


Message History

You puncture the ettin skeleton!
The ettin skeleton is almost destroyed.
The ettin skeleton hits you but does no damage. x2
You bludgeon the ettin skeleton!!
You destroy the ettin skeleton!
Trog accepts your kill.
No reachable target in view!
You feel yourself speed up. 2 ettins come into view.
An ettin is wielding a +0 giant club of distortion and a +0 giant spiked club of chaos.
An ettin is wielding a +0 giant club of distortion and a +0 giant spiked club of chaos.
Okay, then.
Unknown command.
You enter the shallow water.
Moving in this stuff is going to be slow.
The silent spectre flickers into the darkness.
There is a runelight here.
A sun demon comes into view.
Okay, then.
A red film seems to cover your vision as you go berserk!
You feel yourself moving faster!
You feel mighty!
A quasit comes into view.
The ettin hits you but does no damage. Space warps around you.
The ettin hits you with a +0 giant spiked club of chaos!
A demonic guardian appears!
Space warps horribly around you!
You impale the ettin!!
Your weapon exudes an aura of protection.
The ettin is moderately wounded.
You bludgeon the ettin!!
The ettin is severely wounded.
The ettin hits you but does no damage.
You blink.
The sun demon closely misses you.
You hit the sun demon.
The sun demon is lightly wounded.
You bludgeon the sun demon!!
The sun demon is heavily wounded.
You bludgeon the sun demon!!
The sun demon is almost dead.
The sun demon hits you but does no damage.
Your ice devil barely misses the ettin.
You impale the sun demon!!
You kill the sun demon!
Trog accepts your kill.
You have reached level 15!
Your experience leads to an increase in your attributes!
Your base attributes are Str 21, Int 9, Dex 14.
Increase (S)trength, (I)ntelligence, or (D)exterity?
You feel stronger. x2; Your demonic ancestry asserts itself...
The antennae on your head grow some more.
You bludgeon the quasit!!
You kill the quasit!
Trog accepts your kill. Something barely misses your ice devil.
Something hits your ice devil!!
Your ice devil looks as sick as possible!
You hit the ettin.
The ettin is severely wounded.
You bludgeon the ettin!!
You kill the ettin!
Trog accepts your kill.
Your ice devil hits the ettin!
Your ice devil freezes the ettin!!
You feel a strong urge to attack something.
The ettin hits your ice devil with a +0 giant spiked club of distortion!
Your ice devil dies!
Your ice devil disappears in a puff of smoke!
You are no longer berserk.
You are exhausted.
You feel yourself slow down.
Aiming: Paralyse
Press: ? - help, Shift-Dir - straight line, f - ettin
Aim: an ettin, wielding a +0 giant spiked club of distortion and a +0 giant spiked club of chaos (silenced, moderately wounded, chance to affect: 49%)
The ettin resists with some effort.
An eidolon comes into view.
Aiming: Paralyse
Press: ? - help, Shift-Dir - straight line, f/p - ettin
Aim: an ettin, wielding a +0 giant spiked club of distortion and a +0 giant spiked club of chaos (silenced, moderately wounded, chance to affect: 49%)
The ettin resists with some effort.
The ettin hits you with a +0 giant spiked club of distortion.
Space warps around you.
The ettin hits you with a +0 giant spiked club of chaos!
You easily resist.
The ettin hits you with a +0 giant spiked club of distortion.
Space warps horribly around you!!
A demonic guardian appears!
The ettin closely misses you.
Aiming: Paralyse
Press: ? - help, Shift-Dir - straight line, f/p - ettin
Aim: an ettin, wielding a +0 giant spiked club of distortion and a +0 giant spiked club of chaos (silenced, moderately wounded, chance to affect: 49%)
The ettin resists with some effort.
The eidolon hits you but does no damage.
The eidolon closely misses you. The ettin hits you but does no damage.
Space warps around you. The ettin closely misses you.
Magic scrolls do not work when you're silenced!
You swap places.
The eidolon hits you. The eidolon drains your vigour!
You feel as though you will be slow longer.
The eidolon hits you but does no damage.
The ettin hits you with a +0 giant spiked club of distortion!!
* * * LOW HITPOINT WARNING * * *
Space warps horribly around you!
* * * LOW HITPOINT WARNING * * *
A demonic guardian appears!
The ettin hits you with a +0 giant spiked club of chaos!!
You die...

. # . # ⌠⌠ ##⌠⌠ # #
. ##### .⌠## . #
.#...#.###~#.#~# .#
#... #._#3#⌠~##~#
C#
..{##~♣C§.⌠#.~##W##
#@3≈~⌠#.##CGW . .~~
#W##~⌠##.## ##.
~~## .⌠#. ## # ###
#...# #⌠## # ....
#..⌠.# #. ..#~~##.#
#. #....### # ##. .
# ##.. .# #


You could see an eidolon (ally target), an ettin (ally target) and 2 friendly
sixfirhies.

Vanquished Creatures
  A tentacled starspawn (Abyss:3)
  Kirke (Lair:5)
  An ettin (Abyss:3)
  Erolcha (D:13)
  3 hydras (Lair:5)
  2 centaur warriors
  A boulder beetle (D:12)
  A dancing weapon (Volcano)
  6 death yaks
  A tengu warrior (D:14)
  3 two-headed ogres
  2 skysharks
  3 sun demons (Abyss:3)
  A deep elf knight (D:12)
  A shadow wraith (Abyss:3)
  A spatial maelstrom (Abyss:3)
  A deep elf archer (D:12)
  A sea snake (Lair:5)
  6 wizards
  2 harpies (Lair:5)
  8 ugly things
  4 manticores
  2 cyclopes
  5 toenail golems (Volcano)
  16 elephants
  3 black mambas
  A torpor snail (shapeshifter) (D:14)
  2 torpor snails
  14 cane toads
  3 gargoyles
  2 unseen horrors
  4 rime drakes
  5 komodo dragons
  2 trolls
  4 polar bears (Lair:5)
  4 tyrant leeches (Lair:3)
  A wind drake (Lair:5)
  17 blink frogs
  10 slime creatures
  2 snapping turtles (Lair:5)
  A centaur simulacrum (D:14)
  A vampire (D:14)
  Sigmund (D:2)
  59 yaks
  An ettin skeleton (Abyss:3)
  6 wyverns
  A basilisk (Lair:5)
  3 shadows
  A wraith (D:13)
  2 steam dragons (Lair:5)
  A two-headed ogre zombie (D:9)
  6 vampire mosquitoes
  9 water moccasins
  5 acid dragons
  A hell hound (D:12)
  4 orc warriors
  5 black bears
  An ogre (D:4)
  A boggart (D:14)
  3 wolves (Lair:1)
  8 centaurs
  A phantom (D:5)
  2 kobold brigands
  5 bullfrogs
  4 scorpions
  8 wights
  A troll zombie (D:9)
  2 vampire bats (Lair:2)
  A howler monkey (D:10)
  A quasit (Abyss:3)
  Crazy Yiuf (D:6)
  5 hounds
  A jelly (D:7)
  5 orc priests
  Ijyb (D:3)
  5 iguanas
  A sleepcap (D:6)
  4 orc wizards
  5 ogre zombies (D:9)
  6 mummies (Ossuary)
  4 gnolls (D:5)
  6 adders
  A shadow imp (D:7)
  A white imp (D:7)
  2 worms (D:2)
  A dart slug (D:1)
  41 orcs
  8 endoplasms
  3 giant cockroaches
  8 goblins
  8 hobgoblins
  5 jackals
  15 kobolds
  6 quokkas
  6 ball pythons
  11 bats
  4 frilled lizards
  2 goblin skeletons (D:9)
  3 goblin zombies (D:9)
  5 hobgoblin zombies
  A kobold zombie (Ossuary)
  An orc skeleton (D:9)
  20 orc zombies
  6 rats
495 creatures vanquished.

Vanquished Creatures (collateral kills)
  A merfolk avatar (Lair:5)
  A skyshark (Lair:5)
  A black mamba (Lair:1)
  A cane toad (Lair:2)
  2 rime drakes (Lair:2)
  A polar bear (Lair:5)
  A basilisk (Lair:2)
  A vampire mosquito (D:14)
  6 yaks
  An acid dragon (D:11)
  An orc warrior (D:6)
  A bullfrog (Lair:2)
  A gnoll sergeant (D:10)
  2 wights (D:7)
  2 mummies (Ossuary)
  3 gnolls (D:10)
  An ufetubus (D:7)
  6 orcs
  An endoplasm (D:3)
  A goblin (D:3)
  A hobgoblin (D:2)
36 creatures vanquished.

Vanquished Creatures (others)
  5 humans (Lair:5)
  2 starspawn tentacles (Abyss:3)
7 creatures vanquished.

Grand Total: 538 creatures vanquished

Notes
Turn   | Place    | Note
-------+----------+-------------------------------------------
     0 | D:1      | Flugkiller the Demonspawn Berserker began the quest for the
                  | Orb.
     0 | D:1      | Reached XP level 1. HP: 18/18 MP: 1/1
   197 | D:1      | Reached skill level 3 in Maces & Flails
   202 | D:1      | Gained mutation: A weak demonic guardian rushes to your
                  | aid. [demonic ancestry]
   202 | D:1      | Reached XP level 2. HP: 19/24 MP: 2/2
  1066 | D:2      | Found a faded altar of an unknown god.
  1113 | D:2      | Reached XP level 3. HP: 29/29 MP: 3/3
  1144 | D:2      | Found Qikis's Antique Weapon Boutique.
  1230 | D:2      | Found Geaxkouv's Antique Armour Shop.
  1312 | D:2      | Found Xovvo's Assorted Antiques.
  1378 | D:2      | Noticed Sigmund
  1547 | D:2      | Killed Sigmund
  1548 | D:2      | Reached skill level 4 in Maces & Flails
  1548 | D:2      | Reached XP level 4. HP: 37/38 MP: 4/4
  1548 | D:2      | Reached XP level 5. HP: 42/43 MP: 5/5
  1647 | D:2      | Found Natosur's Assorted Antiques.
  1712 | D:2      | Reached ** piety under Trog
  1750 | D:2      | Reached skill level 5 in Maces & Flails
  2056 | D:2      | Bought a white potion for 22 gold pieces
  2056 | D:2      | Bought a murky amethyst potion for 22 gold pieces
  2266 | D:3      | Noticed Ijyb
  2295 | D:3      | Reached XP level 6. HP: 49/49 MP: 6/6
  2304 | D:3      | Killed Ijyb
  2768 | D:3      | Found a hide-covered altar of Uskayaw.
  2862 | D:3      | Found an ornate altar of the Wu Jian Council.
  2883 | D:3      | Found a burning altar of Makhleb.
  3358 | D:4      | Reached skill level 5 in Fighting
  3445 | D:4      | Found a snail-covered altar of Cheibriados.
  3626 | D:4      | Reached skill level 6 in Maces & Flails
  4052 | D:5      | Entered Level 5 of the Dungeon
  4070 | D:5      | Gained mutation: You are partially covered in thin metallic
                  | scales. (AC +2) [demonic ancestry]
  4070 | D:5      | Reached XP level 7. HP: 54/56 MP: 7/7
  4083 | D:5      | Reached *** piety under Trog
  4278 | D:5      | Reached skill level 7 in Maces & Flails
  4445 | D:5      | Found an iron altar of Okawaru.
  4552 | D:5      | Gained mutation: You are mostly covered in thin metallic
                  | scales. (AC +3) [demonic ancestry]
  4552 | D:5      | Reached XP level 8. HP: 58/64 MP: 8/8
  4923 | D:5      | Reached skill level 8 in Maces & Flails
  5099 | D:5      | Found a blossoming altar of Fedhas.
  5267 | D:5      | Identified the +0 hand axe "Temiqy" {flame, Str+3 Int+3}
  5330 | D:6      | Noticed a gargoyle
  5331 | D:6      | Noticed a gargoyle
  5333 | D:6      | Noticed a manticore
  5416 | D:6      | Killed a manticore
  5417 | D:6      | Reached skill level 9 in Maces & Flails
  5612 | D:5      | Killed a gargoyle
  5613 | D:5      | Gained mutation: A demonic guardian rushes to your aid.
                  | [demonic ancestry]
  5613 | D:5      | Reached XP level 9. HP: 45/72 MP: 9/9
  5733 | D:5      | Upgraded the game from 0.31-a0-816-gd61d57ddb1 to
                  | 0.31-a0-844-gdc52ec4e09
  5750 | D:6      | Killed a gargoyle
  5797 | D:6      | Killed an unseen horror
  5798 | D:6      | Reached skill level 10 in Maces & Flails
  6044 | D:6      | Found Zawublug's Book Shoppe.
  6179 | D:2      | Bought a glowing broad axe for 119 gold pieces
  6592 | D:6      | Found a runed translucent door.
  6593 | D:6      | Noticed Crazy Yiuf
  6907 | D:6      | Killed Crazy Yiuf
  7145 | D:7      | Found a sand-covered staircase.
  7202 | Ossuary  | Entered an ossuary
  7239 | Ossuary  | Reached skill level 5 in Armour
  7597 | D:7      | Found a basalt altar of Yredelemnul.
  7599 | D:7      | Noticed a profane servitor
  7741 | D:7      | Found a staircase to the Ecumenical Temple.
  7853 | D:7      | Found a sacrificial altar of Ru.
  7969 | D:7      | Found a sparkling altar of Nemelex Xobeh.
  8110 | D:7      | Noticed an angel
  8225 | D:8      | Reached **** piety under Trog
  8268 | D:8      | Gained mutation: You have a pair of small antennae on your
                  | head. [demonic ancestry]
  8268 | D:8      | Reached XP level 10. HP: 60/80 MP: 10/10
  9551 | D:9      | Noticed a two-headed ogre
  9567 | D:9      | Killed a two-headed ogre
  9629 | D:9      | Found a staircase to the Orcish Mines.
  9676 | D:9      | Reached ***** piety under Trog
  9941 | D:9      | Found Wetokkio's Magic Scroll Shop.
  9951 | D:9      | Bought a scroll of fear for 64 gold pieces
  9951 | D:9      | Bought a scroll of identify for 32 gold pieces
  9951 | D:9      | Bought a scroll of identify for 32 gold pieces
  9951 | D:9      | Bought a scroll of identify for 32 gold pieces
 10062 | D:9      | Reached skill level 11 in Maces & Flails
 10310 | D:10     | Entered Level 10 of the Dungeon
 10394 | D:10     | Reached XP level 11. HP: 46/90 MP: 11/11
 10401 | D:10     | Received a gift from Trog
 10684 | D:10     | Reached skill level 10 in Fighting
 11183 | D:10     | Found a staircase to the Lair.
 11338 | Lair:1   | Entered Level 1 of the Lair of Beasts
 11551 | Lair:1   | Noticed Sonja
 11552 | Lair:1   | Sonja changed into Sonja the blink frog
 11552 | Lair:1   | Noticed Sonja
 11591 | Lair:1   | Killed Sonja the blink frog
 11728 | Lair:1   | Reached skill level 1 in Evocations
 12266 | Lair:1   | Reached skill level 5 in Evocations
 12426 | Lair:1   | You fall into a shaft and drop 1 floor!
 12456 | Lair:2   | Found a runed translucent gate.
 12456 | Lair:2   | Found a runed translucent gate.
 12456 | Lair:2   | Found a runed translucent gate.
 12522 | Lair:2   | Identified the +5 flail of the Piercing Badger {flame,
                  | rElec rN++}
 12649 | Lair:2   | Noticed WhatIsLove's ghost (journeyman DjFE)
 12685 | Lair:2   | Found a dark tunnel.
 12690 | Volcano  | Entered a volcano
 12699 | Volcano  | Noticed a wizard
 12711 | Volcano  | Killed a wizard
 12720 | Volcano  | Noticed a wizard
 12732 | Volcano  | Killed a wizard
 12733 | Volcano  | Reached XP level 12. HP: 99/99 MP: 12/12
 12754 | Volcano  | Reached skill level 12 in Maces & Flails
 13392 | Lair:2   | Reached skill level 10 in Armour
 14328 | Lair:3   | Noticed a death yak
 14328 | Lair:3   | Noticed a death yak
 14328 | Lair:3   | Noticed a death yak
 14573 | Lair:3   | Reached skill level 13 in Maces & Flails
 14952 | Lair:3   | Killed a death yak
 14967 | Lair:3   | Killed a death yak
 14978 | Lair:3   | Killed a death yak
 15124 | Lair:3   | Reached XP level 13. HP: 98/106 MP: 13/13
 15159 | Lair:3   | Found a hole to the Spider Nest.
 15562 | Lair:3   | Found a staircase to the Swamp.
 16037 | Lair:4   | Reached skill level 14 in Maces & Flails
 16055 | Lair:4   | Identified the +7 sling of Golden Defiance {heavy, Will+}
 16075 | Lair:4   | Identified the +10 short sword of the Mosquito {flame,
                  | +Blink rElec rCorr Int-2}
 16770 | Lair:5   | Entered Level 5 of the Lair of Beasts
 17598 | Lair:5   | Noticed Kirke
 17634 | Lair:5   | Killed Kirke
 17900 | Lair:5   | Gained mutation: You regenerate a little health from kills.
                  | [demonic ancestry]
 17900 | Lair:5   | Reached XP level 14. HP: 78/115 MP: 14/14
 18222 | Lair:5   | Found a staircase to the Slime Pits.
 18223 | Lair:5   | Found a viscous altar of Jiyva.
 18238 | Lair:5   | Reached skill level 5 in Dodging
 18650 | Lair:5   | Identified the +0 robe "Lun Axik" {Dex+3}
 19420 | D:12     | Found Fuocosche's Jewellery Emporium.
 19504 | D:12     | Received a gift from Trog
 19760 | D:12     | Reached skill level 15 in Maces & Flails
 20764 | D:13     | Found Azxeetou's Changing Room.
 20837 | D:13     | Bought a potion of mutation for 112 gold pieces
 21183 | D:13     | Noticed Erolcha
 21196 | D:13     | Killed Erolcha
 21466 | D:14     | Found a shadowy altar of Dithmenos.
 22219 | D:14     | Found a gate to the Vaults.
 22219 | D:14     | Noticed an ironbound preserver
 22226 | Abyss:3  | Cast into level 3 of the Abyss (a wizard)
 22230 | Abyss:3  | Found a corrupted altar of Lugonu.
 22276 | Abyss:3  | Noticed a tentacled starspawn
 22289 | Abyss:3  | Killed a tentacled starspawn
 22353 | Abyss:3  | Found a corrupted altar of Lugonu.
 22390 | Abyss:3  | Gained mutation: You have a pair of antennae on your head.
                  | [demonic ancestry]
 22390 | Abyss:3  | Reached XP level 15. HP: 124/124 MP: 15/15
 22395 | Abyss:3  | Found a corrupted altar of Lugonu.
 22401 | Abyss:3  | Demolished by an ettin

Illustrated notes

Levels and vault maps discovered:
D:1:      dpeg_arrival_oval, layout_loops_corners, hangedman_decor_growths
D:2:      layout_loops_ring, hellmonk_ecumenical_altar_run_dry, serial_shops,
          nicolae_lakefront_shop, shop_fountains, nicolae_shop_peninsula, shop,
          uniq_sigmund
D:3:      layout_basic, lemuel_crystal_altar, nicolae_overflow_crystal_walls,
          amcnicky_altar_gilded, nicolae_uskayaw_dance_hall,
          minmay_misc_feat_columns, uniq_ijyb
D:4:      layout_loops_ring, lemuel_crystal_altar
D:5:      layout_basic, fedhas_altar_4, mainiacjoe_overflow_six_doors_small,
          nicolae_fountain_basement
D:6:      layout_cave_pools, serial_shops, nicolae_book_shop_shelving,
          minmay_manual_moon, uniq_crazy_yiuf_cottage
D:7:      layout_gridville, nemelex_spade_bored_becter,
          grunt_temple_overflow_holy_war, nicolae_ru_great_annihilating_truth,
          minmay_temple_entry_statues_fountains, enter_ossuary_3,
          kennysheep_cluttered_room
D:8:      layout_basic
D:9:      layout_irregular_city, zombieorc2_lemuel, serial_shops,
          nicolae_shop_statue_plus
D:10:     layout_irregular_city, lair_entry_dummy
D:11:     layout_cave_pools
D:12:     layout_cave_pools, serial_shops, nicolae_shop_gaudy_bauble,
          beargit_elvish_explorers
D:13:     layout_grid_maze, drop_trap, nicolae_transmutations_shop, uniq_erolcha
D:14:     layout_irregular_city, skrybe_vaults_entry_preservation, minmay_holes,
          grunt_dithmenos_smoke_and_mirrors
Lair:1:   layout_chaotic_city, uniq_sonja
Lair:2:   layout_small_grid, gammafunk_ghost_icy, enter_volcano_4,
          roderic_batcave, infiniplex_staircase_pool, lemuel_fruit_fields,
          serial_bayou_shore_b, lemuel_fruit_tree
Lair:3:   layout_chaotic_city, minmay_swamp_entry_worms,
          spider_nest_entry_web_field, serial_bayou_shore_b
Lair:4:   layout_cave_pods
Lair:5:   gammafunk_lair_ancient_temple, layout_small_grid,
          dpeg_slime_entry_corner, grunt_megastairs_5, uniq_kirke
Abyss:3:  base: D:13, lemuel_firewalk_3, evilmike_abyss_rune_ettins

Skill      XL: |  1  2  3  4  5  6  7  8  9 10 11 12 13 14 |
---------------+-------------------------------------------+-----
Maces & Flails | 3 4 5 6 7 9 10 11 13 14 15 | 15.4
Fighting       | 4 5 6 7 8 9 10 11 12 13 | 13.2
Armour         | 6 7 8 10 11 12 | 12.9
Evocations     | 5 7 |  7.0
Dodging        | 4 7 |  7.3

Action                     |  1- 3 |  4- 6 |  7- 9 | 10-12 | 13-15 || total
---------------------------+-------+-------+-------+-------+-------++-------
  Melee: Mace              |   109 |    64 |       |       |       ||   173
         Punch             |       |     1 |     4 |       |       ||     5
         Morningstar       |       |   119 |       |       |       ||   119
         Hand axe          |       |    15 |   306 |   133 |       ||   454
         Broad axe         |       |       |    28 |       |       ||    28
         Dire flail        |       |       |       |   810 |  1068 ||  1878
  Throw: Dart              |       |       |     1 |     5 |     4 ||    10
 Invoke: Berserk           |     1 |     1 |     7 |     8 |     5 ||    22
         Trog's Hand       |       |       |     3 |     4 |     3 ||    10
         Brothers in Arms  |       |       |       |     1 |     1 ||     2
  Evoke: Wand              |       |       |     1 |     1 |     7 ||     9
         Lightning rod     |       |       |       |       |     2 ||     2
    Use: Scroll            |       |     4 |     7 |    14 |     6 ||    31
         Potion            |       |       |     1 |     2 |     4 ||     7
   Stab: Sleeping          |     2 |       |       |       |       ||     2
         Paralysed         |       |       |     1 |       |       ||     1
         Distracted        |       |       |       |       |     1 ||     1
 Armour: Animal skin       |    55 |       |       |       |       ||    55
         Ring mail         |     2 |   135 |   289 |       |       ||   426
         Chain mail        |       |       |    10 |   295 |   970 ||  1275
         Plate armour      |       |       |       |   495 |       ||   495
         Skin              |       |       |       |       |     2 ||     2
  Dodge: Dodged            |    73 |   124 |   172 |   311 |   524 ||  1204

Table legend: (Time is in decaauts)
 A = Elapsed time spent in this place.
 B = Non-inter-level travel time spent in this place.
 C = Inter-level travel time spent in this place.
 D = Time resting spent in this place.
 E = Time spent auto-exploring this place.
 F = Levels seen in this place.
 G = Mean time per level.
                   A        B        C        D        E       F      G
               +--------+--------+--------+--------+--------+-----+--------+
         Total |  22068 |  20551 |   1517 |   4699 |  10251 |  22 | 1003.1 |
       Dungeon |  14271 |  13024 |   1247 |   2745 |   7017 |  14 | 1019.4 |
          Lair |   6883 |   6613 |    270 |   1756 |   3117 |   5 | 1376.6 |
         Abyss |    163 |    163 |      0 |      0 |      0 |   1 |  163.0 |
       Ossuary |    341 |    341 |      0 |    120 |    117 |   1 |  341.0 |
       Volcano |    408 |    408 |      0 |     77 |      0 |   1 |  408.0 |
               +--------+--------+--------+--------+--------+-----+--------+

Top non-repeatable levels by time:
  Lair:5: 1944 daAuts
  Lair:2: 1519 daAuts
     D:4: 1410 daAuts
  Lair:3: 1393 daAuts
     D:5: 1220 daAuts
     D:9: 1169 daAuts
     D:2: 1163 daAuts
     D:6: 1147 daAuts
     D:1: 1128 daAuts
    D:13: 1091 daAuts
     D:3: 1074 daAuts
  Lair:1: 1051 daAuts
    D:10: 1041 daAuts
  Lair:4: 975 daAuts
     D:7: 906 daAuts
